 Dungeon Crawl Stone Soup version 0.31.0-32-g396128a36d (webtiles) character file.

Game seed: 8090168018644643360

6231 gadagroo the Basher (level 10, -6/65 HPs)
             Began as a Gargoyle Fighter on Apr 4, 2024.
             Was a Believer of Okawaru.
             Mangled by a yak (9 damage)
             ... on level 10 of the Dungeon.
             The game lasted 00:19:26 (6514 turns).

gadagroo the Basher (Gargoyle Fighter)              Turns: 6514, Time: 00:19:27

Health: -6/65      AC: 30    Str: 24    XL:     10   Next: 92%
Magic:  10/10      EV:  8    Int: 11    God:    Okawaru [**....]
Gold:   842        SH:  0    Dex:  9    Spells: 9/9 levels left

rFire   . . .        r - +6 flail (protect)
rCold   . . .        c - +0 buckler
rNeg    + . .        G - +1 chain mail of the Grue {Int+2}
rPois   ∞            e - +2 helmet
rElec   +            K - +1 cloak {Stlth+}
rCorr   .            (no gloves)
SInv    .            (no boots)
Will    .....        h - amulet of regeneration Stlth
                     (no ring)
HPRegen 1.10/turn    (no ring)
MPRegen 0.12/turn

%: no passive effects
@: confused, under a protective aura
A: sickness immunity, AC +7, negative energy resistance 1, electricity
resistance, torment resistance 1, petrification resistance
a: Renounce Religion, Heroism


You were on level 10 of the Dungeon.
You worshipped Okawaru.
Okawaru was pleased with you.
You visited 2 branches of the dungeon, and saw 11 of its levels.
You also visited: Sewer and Ossuary.

You collected 842 gold pieces.

Inventory:

Hand Weapons
 a - a +0 flail of venom
 r - a +6 flail of protection (weapon)
 J - a +2 morningstar
Missiles
 D - a throwing net (quivered)
Armour
 b - a +0 scale mail
 c - a +0 buckler (worn)
 e - a +2 helmet (worn)
 g - a +0 chain mail
 t - a +2 ring mail of fire resistance
 y - a +0 cloak
 G - the +1 chain mail of the Grue (worn) {Int+2}
   (You found it on level 6 of the Dungeon)

   Int+2:     It affects your intelligence (+2).
 K - a +1 cloak of stealth (worn)
Jewellery
 h - an amulet of regeneration (around neck)
 E - an amulet of magic regeneration
Wands
 f - a wand of light (12)
 x - a wand of mindburst (9)
 I - a wand of roots (8)
 N - a wand of polymorph (3)
Scrolls
 k - a scroll of poison
 s - a scroll of fog
 u - 3 scrolls of teleportation
 v - a scroll of torment
 C - a scroll of revelation
 F - a scroll of fear
Potions
 d - a potion of might
 i - 2 potions of degeneration
 j - a potion of invisibility
 l - 6 potions of curing
 m - 3 potions of heal wounds
 n - a potion of cancellation
 o - 3 potions of attraction
 p - 3 potions of brilliance
 q - a potion of haste {unknown}
 w - a potion of magic {unknown}
 z - 3 potions of enlightenment
 H - 2 potions of berserk rage
 M - a potion of lignification {unknown}


   Skills:
 + Level 8.4 Fighting
 * Level 12.6 Maces & Flails
 + Level 4.3 Armour
 + Level 8.4 Shields


You had 9 spell levels left.
You didn't know any spells.
Your spell library contained the following spells:

 Spells                   Type           Power      Damage    Failure   Level
 Inner Flame              Hex/Fire       0%         N/A       100%        3
 Dimensional Bullseye     Hex/Tloc       0%         N/A       100%        4
 Iskenderun's Mystic Bla  Conj/Tloc      0%         2d3       100%        4
 Passage of Golubria      Tloc           0%         N/A       100%        4
 Borgnjor's Vile Clutch   Necr/Erth      0%         N/A       100%        5
 Irradiate                Conj/Alch      0%         3d11      100%        5
 Yara's Violent Unravell  Hex/Alch       0%         3d3       100%        5
 Ignition                 Fire           0%         3d3       100%        8
 Tukima's Dance           Hex            Unusable   N/A       N/A         3
 Animate Dead             Necr           Unusable   N/A       N/A         4
 Death Channel            Necr           Unusable   N/A       N/A         6

Dungeon Overview and Level Annotations

Branches:
Dungeon (10/15)            Temple (1/1) D:7           Sewer (visited)
Ossuary (visited)
   Lair: D:8-11         Orc: D:9-12

Altars:
Ashenzari
Cheibriados
Dithmenos
Elyvilon
Fedhas
Gozag
Hepliaklqana
Kikubaaqudgha
Makhleb
Nemelex Xobeh
Okawaru
Qazlal
Ru
Sif Muna
Trog
Uskayaw
Vehumet
Xom
Yredelemnul
Zin

Shops:
D:7 *

Annotations:
D:9 2 transporters, zurenarrh's ghost, journeyman TrFi


Innate Abilities, Weirdness & Mutations

You are immune to sickness and miasma.
Your stone body is resilient. (AC +7)
You are immune to poison.
You resist negative energy. (rN+)
You are resistant to electric shocks. (rElec)
You are resistant to unholy torment.
You are immune to petrification.


Message History

* * * LOW HITPOINT WARNING * * *
The yak gores you but does no damage.
You hit the yak but do no damage.
The yak is almost dead.
The ice beast hits you but does no damage.
The yak gores you but does no damage. The yak barely misses you.
The yak gores you.
* * * LOW HITPOINT WARNING * * *
You bludgeon the yak!!
You kill the yak!
Okawaru accepts your kill.
The ice beast hits you but does no damage.
The yak gores you.
* * * LOW HITPOINT WARNING * * *
You hit the vampire.
The vampire is lightly damaged.
The yak gores you but does no damage.
The ice beast hits you but does no damage.
You barely miss the vampire.
The vampire is lightly damaged.
The vampire gestures wildly while chanting.
The vampire flickers and vanishes!
Deactivating autopickup; reactivate with Ctrl-A.
The yak gores you.
* * * LOW HITPOINT WARNING * * *
The yak barely misses you.
You barely miss something.
The ice beast hits you but does no damage.
Something hits you but does no damage. Something completely misses you.
The yak gores you but does no damage. The yak gores you!
* * * LOW HITPOINT WARNING * * *
You barely miss something. The ice beast barely misses you.
Something hits you but does no damage. Something bites you but does no damage.
The yak gores you but does no damage. You block the yak's attack.
You closely miss something.
The ice beast hits you but does no damage.
You hear some strange, mumbled words.
You are confused.
You hit something. The yak gores you!
You die...

.[..#.? .......
..# .#..... ..###
.# ......o ..."#
.# ....YYY
#...##.#
....Y.Y##.#..#.#
#.#####hh.##.#.#
......YY#Y##.#.###
####..Y@{Y.......#
#.####.###<.#..#
... #.# #..# #..#
#.# #..# ..# #.#
#..# .. #.# ##.#
#.# .# #.# .# .#


You could see a polar bear, 4 yaks, 3 ice beasts, a wolf and an orc.

Vanquished Creatures
  Pikel (D:5)
  Maggie (D:6)
  A rime drake (D:10)
  An unseen horror zombie (D:9)
  A polar bear (D:10)
  A hornet (D:9)
  3 yaks (D:10)
  Eustachio (D:5)
  A wyvern (D:9)
  A steam dragon (D:8)
  Edmund (D:5)
  Menkaure (D:4)
  A water moccasin (D:6)
  An orc warrior (D:6)
  2 ice beasts (D:10)
  A black bear (D:7)
  2 ogres
  3 centaurs
  A phantom (D:5)
  5 kobold brigands
  5 bullfrogs
  A gnoll sergeant (D:7)
  5 scorpions
  7 wights
  7 killer bees (D:9)
  2 hounds
  An orc priest (D:7)
  2 centaur zombies (D:9)
  2 bombardier beetles
  A jelly (D:8)
  Crazy Yiuf (D:6)
  A sleepcap (D:5)
  5 iguanas
  Ijyb (D:5)
  4 orc wizards
  Natasha (thrice) (D:3)
  8 mummies (Ossuary)
  A howler monkey zombie (D:9)
  3 gnolls (D:7)
  12 adders
  A river rat (Sewer)
  3 shadow imps
  A white imp (D:8)
  2 dart slugs
  15 orcs
  3 endoplasms
  2 giant cockroaches
  2 gnoll zombies (Ossuary)
  3 goblins
  2 hobgoblins
  6 jackals
  A quokka (D:4)
  5 ball pythons
  3 bats
  A frilled lizard (D:3)
  2 hobgoblin zombies (Ossuary)
  15 kobolds
  3 kobold zombies (Ossuary)
  An orc zombie (Ossuary)
  9 rats
182 creatures vanquished.

Notes
Turn   | Place    | Note
-------+----------+-------------------------------------------
     0 | D:1      | gadagroo the Gargoyle Fighter began the quest for the Orb.
     0 | D:1      | Reached XP level 1. HP: 14/14 MP: 1/1
    63 | D:1      | Found a faded altar of an unknown god.
   653 | D:2      | Reached skill level 3 in Maces & Flails
   653 | D:2      | Reached XP level 2. HP: 19/19 MP: 2/2
   693 | D:2      | Reached XP level 3. HP: 22/23 MP: 3/3
  1141 | D:3      | Reached skill level 4 in Maces & Flails
  1201 | D:3      | Found a shimmering blue altar of Sif Muna.
  1207 | D:3      | Found a white marble altar of Elyvilon.
  1398 | D:3      | Noticed Natasha
  1404 | D:3      | Killed Natasha
  1405 | D:3      | Reached XP level 4. HP: 28/28 MP: 4/4
  1612 | D:3      | Noticed Natasha
  1623 | D:3      | Killed Natasha
  1662 | D:3      | Reached skill level 5 in Maces & Flails
  1666 | D:3      | Reached XP level 5. HP: 30/32 MP: 5/5
  1776 | D:3      | Noticed Natasha
  1788 | D:3      | Killed Natasha
  1995 | D:4      | Noticed Menkaure
  2005 | D:4      | Killed Menkaure
  2006 | D:4      | Reached skill level 6 in Maces & Flails
  2006 | D:4      | Reached XP level 6. HP: 23/37 MP: 6/6
  2297 | D:4      | Found a sand-covered staircase.
  2305 | Ossuary  | Entered an ossuary
  2359 | Ossuary  | Reached skill level 7 in Maces & Flails
  2392 | Ossuary  | Reached XP level 7. HP: 41/41 MP: 7/7
  2913 | D:5      | Entered Level 5 of the Dungeon
  2962 | D:5      | Noticed Eustachio
  2984 | D:5      | Killed Eustachio
  2985 | D:5      | Reached skill level 8 in Maces & Flails
  3013 | D:5      | Noticed Ijyb
  3019 | D:5      | Killed Ijyb
  3024 | D:5      | Noticed Edmund
  3032 | D:5      | Killed Edmund
  3053 | D:5      | Reached XP level 8. HP: 48/48 MP: 8/8
  3067 | D:5      | Noticed Pikel
  3076 | D:5      | Killed Pikel
  3077 | D:5      | Reached skill level 9 in Maces & Flails
  3085 | D:5      | Reached skill level 5 in Fighting
  3085 | D:5      | Reached skill level 5 in Shields
  3170 | D:5      | Found a glowing drain.
  3190 | Sewer    | Entered a sewer
  3302 | Sewer    | Found a white marble altar of Elyvilon.
  3461 | D:5      | Reached XP level 9. HP: 54/54 MP: 9/9
  3520 | D:5      | Reached skill level 10 in Maces & Flails
  3751 | D:6      | Found a broken altar of Ashenzari.
  3892 | D:6      | Identified the +1 chain mail of the Grue {Int+2}
  4020 | D:6      | Found a sparkling altar of Nemelex Xobeh.
  4086 | D:6      | Found a runed translucent door.
  4087 | D:6      | Noticed Crazy Yiuf
  4250 | D:6      | Noticed Maggie
  4266 | D:6      | Killed Maggie
  4284 | D:6      | Found a sacrificial altar of Ru.
  4396 | D:6      | Killed Crazy Yiuf
  4618 | D:7      | Found a staircase to the Ecumenical Temple.
  4624 | Temple   | Entered the Ecumenical Temple
  4684 | Temple   | Became a worshipper of Warmaster Okawaru
  4802 | D:7      | Found a hide-covered altar of Uskayaw.
  4820 | D:7      | Reached skill level 11 in Maces & Flails
  5002 | D:7      | Found Axtushres's Assorted Antiques.
  5123 | D:7      | Reached XP level 10. HP: 63/63 MP: 10/10
  5257 | D:7      | Found an ancient bone altar of Kikubaaqudgha.
  5326 | D:8      | Reached * piety under Okawaru
  5880 | D:9      | Found a transporter.
  5880 | D:9      | Noticed zurenarrh's ghost (journeyman TrFi)
  5880 | D:9      | Noticed a boulder beetle
  5885 | D:9      | Noticed a boulder beetle
  6091 | D:9      | Reached skill level 12 in Maces & Flails
  6160 | D:9      | Reached ** piety under Okawaru
  6162 | D:9      | Found a transporter.
  6405 | D:9      | Identified the +1 robe "Atimon" {+Blink Fly Str+2 Archmagi}
  6434 | D:10     | Entered Level 10 of the Dungeon
  6511 | D:10     | HP: 1/65 [yak (7)]
  6514 | D:10     | Mangled by a yak

Illustrated notes

Levels and vault maps discovered:
D:1:      dpeg_arrival_simpleton_c, layout_rooms,
          hellmonk_ecumenical_altar_pennies_from_heaven
D:2:      layout_rooms, hangedman_decor_points, corexii_item_surrounded_by_moat
D:3:      layout_basic, mainiacjoe_overflow_divided_tiny, serial_aquarium,
          aquarium_bridge_square [aquarium_subvault_wall,
          aquarium_subvault_window, aquarium_subvault_wall,
          aquarium_subvault_bridge], aquarium_window_2, aquarium_window_1,
          aquarium_view_2d, minmay_diced_spiral, uniq_natasha
D:4:      layout_gridville, nicolae_ossuary_entry_monument, serial_bayou_lake_a,
          uniq_menkaure
D:5:      layout_rooms, cheibrodos_sewer_entry_drain, grunt_ministairs_13,
          nicolae_half_adder, uniq_eustachio, uniq_ijyb, uniq_edmund, uniq_pikel
D:6:      layout_rooms, ashenzari_altar_1, mainiacjoe_overflow_alcove_4,
          nicolae_ru_path_of_blood, uniq_crazy_yiuf_cottage, uniq_maggie
D:7:      layout_basic, nicolae_uskayaw_dance_studio,
          nicolae_overflow_hidden_temple, minmay_temple_entry_enclosed_plants,
          serial_shops, shop
D:8:      layout_rooms
D:9:      layout_roguey, serial_undead, serial_undead_b, serial_undead_f,
          serial_undead_f, serial_undead_b, gammafunk_ghost_arena
D:10:     layout_rooms, hellmonk_lair_entry_icy, serial_shops,
          nicolae_shop_bloodbath_and_beyond, uniq_psyche
Temple:   oiseaux_autumnal_temple

Skill      XL: |  1  2  3  4  5  6  7  8  9 10 |
---------------+-------------------------------+-----
Maces & Flails | 3 4 5 6 7 8 9 11 12 | 12.6
Fighting       | 4 5 7 8 |  8.4
Shields        | 4 5 7 8 |  8.4
Armour         | 4 |  4.3

Action                     |  1- 3 |  4- 6 |  7- 9 | 10-12 || total
---------------------------+-------+-------+-------+-------++-------
  Melee: Flail             |    95 |   122 |   290 |   206 ||   713
    Use: Scroll            |     8 |     4 |     4 |     8 ||    24
         Potion            |       |       |     2 |       ||     2
 Armour: Chain mail        |    86 |   103 |   183 |   269 ||   641
         Scale mail        |     1 |       |       |       ||     1
  Dodge: Dodged            |    51 |    43 |    95 |    82 ||   271
  Block: Buckler           |    18 |    29 |    71 |    57 ||   175
